 Dungeon Crawl Stone Soup version 0.28.0-53-g5a82cb258f (webtiles) character file.

Game seed: 9462884537366439899

5364 Zeld the Cleaver (level 10, -2/91 HPs)
             Began as a Minotaur Berserker on May 28, 2022.
             Was a Priest of Trog.
             Slain by a death yak (7 damage)
             ... on level 8 of the Dungeon.
             The game lasted 00:07:20 (10004 turns).

Zeld the Cleaver (Minotaur Berserker)              Turns: 10004, Time: 00:07:21

Health: -2/91      AC:  5    Str: 31    XL:     10   Next: 39%
Magic:  9/9        EV: 14    Int:  4    God:    Trog [***...]
Gold:   382        SH:  5    Dex: 11    Spells: 9/9 levels left

rFire   . . .      SeeInvis .   a - +0 war axe
rCold   . . .      Faith    .   (no shield)
rNeg    . . .      Spirit   .   b - +0 animal skin
rPois   +          Reflect  +   (helmet restricted)
rElec   .          Harm     .   h - +0 cloak
rCorr   .          Rampage  .   l - +0 pair of gloves
Will    ++...                   (no boots)
Stlth   +.........              f - amulet of reflection
HPRegen 1.25/turn               m - +6 ring of strength
MPRegen 0.11/turn               s - ring of poison resistance

@: strong-willed, on berserk cooldown, regenerating, slowed, very slow
A: horns 2, retaliatory headbutt
a: Renounce Religion, Berserk, Trog's Hand


You were on level 8 of the Dungeon.
You worshipped Trog.
Trog was most pleased with you.
You visited 2 branches of the dungeon, and saw 9 of its levels.
You also visited: Sewer.

You collected 463 gold pieces.
You spent 81 gold pieces at shops.

Inventory:

Hand Weapons
 a - a +0 war axe (weapon)
Armour
 b - a +0 animal skin (worn)
 h - a +0 cloak (worn)
 l - a +0 pair of gloves (worn)
Jewellery
 f - an amulet of reflection (around neck)
 m - a +6 ring of strength (left hand)
 s - a ring of poison resistance (right hand)
 C - a ring of flight
 I - a ring of protection from fire
Wands
 r - a wand of digging (6)
 t - a wand of iceblast (5)
 x - a wand of flame (16)
Scrolls
 c - 2 scrolls of torment {unknown}
 d - a scroll of noise {unknown}
 i - 8 scrolls of identify {unknown}
 n - a scroll of enchant weapon {unknown}
 u - a scroll of blinking {unknown}
 v - 2 scrolls of enchant armour {unknown}
 w - 2 scrolls of teleportation {unknown}
 y - a scroll of summoning {unknown}
 B - a scroll of fear {unknown}
 F - a scroll of amnesia {unknown}
 H - 2 scrolls of magic mapping {unknown}
Potions
 e - 4 potions of brilliance {unknown}
 g - 2 potions of lignification {unknown}
 j - a potion of attraction {unknown}
 k - a potion of magic {unknown}
 o - 3 potions of heal wounds {unknown}
 p - 2 potions of resistance {unknown}
 q - a potion of ambrosia {unknown}
 z - a potion of curing {unknown}
 A - 2 potions of might {unknown}
 D - a potion of berserk rage {unknown}
 E - 2 potions of mutation {unknown}
 G - a potion of flight {unknown}


   Skills:
 + Level 9.1 Fighting
 * Level 12.3 Axes
 + Level 8.6 Armour
 + Level 7.9 Dodging


You had 9 spell levels left.
You didn't know any spells.
Your spell library was empty.

Dungeon Overview and Level Annotations

Branches:
Dungeon (8/15)             Temple (1/1) D:7            Lair (0/6) D:8
  Sewer (visited)

Altars:
Ashenzari
Cheibriados
Dithmenos
Elyvilon
Fedhas
Gozag
Hepliaklqana
Kikubaaqudgha
Makhleb
Nemelex Xobeh
Qazlal
Ru
Sif Muna
Trog
Uskayaw
Vehumet
Wu Jian
Xom
Yredelemnul
Zin
The Shining One

Shops:
D:1 *   D:2 (


Innate Abilities, Weirdness & Mutations

You have a pair of horns on your head.
You reflexively headbutt those who attack you in melee.


Message History

You headbutt the death yak! You hit the death yak.
The death yak is almost dead.
The death yak gores you!
You slash the death yak!
You kill the death yak!
Trog accepts your kill.
Your Axes skill increases to level 12!
You slice the death yak!!
The death yak is moderately wounded.
You slice the death yak!! You headbutt the death yak!
The death yak is severely wounded.
The death yak gores you!
You hit the death yak.
The death yak is severely wounded.
The death yak gores you!
You are too injured to fight recklessly!
You completely miss the death yak.
The death yak is severely wounded.
You slice the death yak!!
You kill the death yak!
Trog accepts your kill.
Your Fighting skill increases to level 9!
You are too injured to fight recklessly!
You feel a strong urge to attack something.
You are no longer berserk.
You are exhausted.
You feel yourself slow down.
The death yak gores you but does no damage.
Your skin crawls.
You feel strong-willed. The death yak gores you!!
* * * LOW HITPOINT WARNING * * *
The death yak gores you!!
* * * LOW HITPOINT WARNING * * *
Unknown command.
The death yak gores you!
* * * LOW HITPOINT WARNING * * *
The death yak gores you!
You die...

#.# #.##.# #.#
#.##.# #.###.##.#
#.##...#.#
#....<...#
####.##...###
##..(.......#
##..#####..#Y#
#..#.###.#.@.#
#.#.#.#.#.#..#
#.##.#.#.##..#
##.###.8.###..#
#..##.#.#.##.##
#..#.#.#.#.#.#
#...#.###.#..#
#....#####..##
#####.##........#


You could see a death yak.

Vanquished Creatures
  A two-headed ogre (D:7)
  2 death yaks (D:8)
  A hornet (D:7)
  Grinder (D:4)
  Sigmund (D:2)
  2 wyverns (D:8)
  A yak (D:8)
  A steam dragon (D:8)
  A water moccasin (D:7)
  An orc warrior (D:8)
  2 ice beasts
  Pargi (Sewer)
  2 black bears
  4 necrophages
  2 centaurs
  A phantom (D:6)
  A kobold brigand (D:6)
  3 bullfrogs
  A wyvern zombie (D:7)
  A scorpion (D:6)
  A wyvern skeleton (D:6)
  A killer bee (D:8)
  A wight (D:7)
  2 bullfrog zombies
  A bullfrog skeleton (D:5)
  A gnoll shaman (D:5)
  An orc priest (D:7)
  A centaur skeleton (D:7)
  A hound (D:4)
  3 jellies
  Ijyb (D:4)
  An iguana (D:7)
  2 orc wizards (D:7)
  Natasha (thrice) (D:2)
  A killer bee zombie (D:7)
  A hound skeleton (D:4)
  Robin (D:3)
  3 gnolls (D:5)
  8 adders
  A shadow imp (D:6)
  2 ufetubi
  An adder skeleton (D:4)
  A dart slug (D:2)
  14 orcs
  3 endoplasms
  3 giant cockroaches
  10 hobgoblins
  12 jackals
  2 quokkas
  5 ball pythons
  5 bats
  4 frilled lizards
  12 goblins
  23 kobolds
  8 rats
170 creatures vanquished.

Vanquished Creatures (others)
  7 fungi (D:2)
  8 plants (D:2)
15 creatures vanquished.

Grand Total: 185 creatures vanquished

Notes
Turn   | Place    | Note
-------+----------+-------------------------------------------
     0 | D:1      | Zeld the Minotaur Berserker began the quest for the Orb.
     0 | D:1      | Reached XP level 1. HP: 19/19 MP: 0/0
   434 | D:1      | Reached XP level 2. HP: 19/27 MP: 1/1
   587 | D:1      | You fall into a shaft and drop 1 floor!
   699 | D:2      | Reached skill level 4 in Axes
  1058 | D:1      | Found Ikogh's Assorted Antiques.
  1068 | D:1      | Bought a scroll labelled OCHAXI VE ACYU for 28 gold pieces
  1068 | D:1      | Bought a purple potion for 25 gold pieces
  1128 | D:1      | Reached XP level 3. HP: 33/33 MP: 2/2
  1391 | D:2      | Noticed Natasha
  1401 | D:2      | Killed Natasha
  1520 | D:2      | Found Astehara's Weapon Boutique.
  1802 | D:2      | Reached ** piety under Trog
  1898 | D:2      | Reached XP level 4. HP: 40/40 MP: 3/3
  1961 | D:2      | Noticed Sigmund
  1969 | D:2      | Killed Sigmund
  1970 | D:2      | Reached skill level 5 in Axes
  1970 | D:2      | Reached XP level 5. HP: 47/47 MP: 4/4
  2106 | D:2      | Noticed Natasha
  2112 | D:2      | Killed Natasha
  2172 | D:2      | Noticed Natasha
  2177 | D:2      | Killed Natasha
  2178 | D:2      | Reached XP level 6. HP: 46/55 MP: 5/5
  2269 | D:2      | Found a faded altar of an unknown god.
  2417 | D:3      | Noticed Robin
  2419 | D:3      | Found a white marble altar of Elyvilon.
  2438 | D:3      | Reached skill level 5 in Fighting
  2443 | D:3      | Killed Robin
  2445 | D:3      | Reached skill level 6 in Axes
  2582 | D:1      | Bought a scroll labelled ONNU TIHATHAA for 28 gold pieces
  3353 | D:4      | Reached *** piety under Trog
  3415 | D:4      | Found a burning altar of Makhleb.
  3462 | D:4      | Found a shadowy altar of Dithmenos.
  3465 | D:4      | Found a blossoming altar of Fedhas.
  3465 | D:4      | Noticed Grinder
  3483 | D:4      | Paralysed by Grinder for 7 turns
  3491 | D:4      | Paralysed by Grinder for 3 turns
  3499 | D:4      | Killed Grinder
  3500 | D:4      | Reached XP level 7. HP: 35/61 MP: 6/6
  3629 | D:4      | Found a snail-covered altar of Cheibriados.
  3746 | D:4      | Noticed Ijyb
  3754 | D:4      | Killed Ijyb
  3755 | D:4      | Reached skill level 7 in Axes
  4651 | D:4      | Reached skill level 5 in Armour
  4839 | D:5      | Entered Level 5 of the Dungeon
  5130 | D:5      | Found a hide-covered altar of Uskayaw.
  5568 | D:5      | Found a sacrificial altar of Ru.
  5711 | D:5      | Reached skill level 8 in Axes
  5711 | D:5      | Reached skill level 5 in Dodging
  5711 | D:5      | Reached XP level 8. HP: 61/70 MP: 7/7
  5960 | D:6      | Found a glowing drain.
  5971 | Sewer    | Entered a sewer
  6077 | Sewer    | Noticed Pargi
  6090 | Sewer    | Killed Pargi
  6708 | D:6      | Reached skill level 9 in Axes
  7093 | D:6      | Identified the +1 robe of Impressiveness {+Inv Dex+4
                  | Stlth+}
  7672 | D:7      | Reached XP level 9. HP: 65/79 MP: 8/8
  7827 | D:7      | Reached skill level 10 in Axes
  8075 | D:7      | Noticed a two-headed ogre
  8084 | D:7      | Killed a two-headed ogre
  8177 | D:7      | Found a staircase to the Ecumenical Temple.
  8227 | Temple   | Entered the Ecumenical Temple
  8643 | D:7      | Reached skill level 11 in Axes
  8791 | D:8      | Found an ornate altar of the Wu Jian Council.
  9514 | D:8      | Reached XP level 10. HP: 85/90 MP: 9/9
  9837 | D:8      | Found an ancient bone altar of Kikubaaqudgha.
  9893 | D:8      | Noticed a death yak
  9894 | D:8      | Noticed a death yak
  9896 | D:8      | Found a staircase to the Lair.
  9897 | D:8      | Noticed a death yak
  9989 | D:8      | Killed a death yak
  9990 | D:8      | Reached skill level 12 in Axes
  9994 | D:8      | Killed a death yak
 10002 | D:8      | HP: 2/91 [death yak (9)]
 10004 | D:8      | Slain by a death yak

Illustrated notes

Levels and vault maps discovered:
D:1:      ncdulo_lavacross, layout_loops_ring, serial_shops,
          nicolae_shop_waterfront
D:2:      wander_river, layout_loops_corners, serial_shops,
          nicolae_shop_temple_entry_statues_fountains,
          shapermc_ecumenical_altar_mp_urbaneastern, uniq_natasha, uniq_terence,
          uniq_sigmund
D:3:      layout_loops_cross, lemuel_doored_altar, minmay_misc_feat_enclosed,
          uniq_robin
D:4:      layout_basic, grunt_temple_overflow_cloverleaf, uniq_ijyb,
          uniq_grinder
D:5:      layout_rooms, nicolae_uskayaw_dance_hall,
          nicolae_ru_the_path_less_chosen
D:6:      layout_layer_cave, portal_sewer_entry_d, corexii_checkpoint_b
D:7:      layout_rooms, minmay_temple_entry_mini_moons, minmay_starry_boxes
D:8:      kennysheep_spiral_hall, layout_loops_ring,
          mainiacjoe_overflow_small_starburst, overflow_temple_1_default,
          dpeg_lair_monsters, minmay_circle_x
Temple:   nicolae_temple_no_exploring_needed

Skill      XL: |  1  2  3  4  5  6  7  8  9 10 |
---------------+-------------------------------+-----
Axes           | 4 5 6 8 9 11 12 | 12.3
Fighting       | 4 5 6 7 8 9 |  9.1
Armour         | 3 4 5 6 8 |  8.6
Dodging        | 3 4 5 6 7 |  7.9

Action                   |  1- 3 |  4- 6 |  7- 9 | 10-12 || total
-------------------------+-------+-------+-------+-------++-------
Melee: Hand axe          |    84 |   105 |   261 |       ||   450
       Headbutt          |     7 |    10 |    49 |     5 ||    71
       Punch             |       |       |     1 |       ||     1
       War axe           |       |       |     8 |    40 ||    48
Invok: Berserk           |       |     2 |     1 |     1 ||     4
       Trog's Hand       |       |     1 |       |     1 ||     2
Armor: Animal skin       |    15 |    18 |    64 |     6 ||   103
Dodge: Dodged            |    55 |    50 |   174 |    17 ||   296
Block: Other             |    21 |    28 |    51 |     3 ||   103
       Reflection        |       |     1 |     1 |       ||     2
